 Dungeon Crawl Stone Soup version 0.28.0-53-g5a82cb258f (webtiles) character file.

Game seed: 13001873075939792165

2255 Infernotoast the Carver (level 9, 0/71 HPs)
             Began as a Minotaur Berserker on July 26, 2022.
             Was a Priest of Trog.
             Slain by a vampire
             ... wielding a +2 vampiric halberd
              (10 damage)
             ... in a bailey.
             The game lasted 00:29:13 (4820 turns).

Infernotoast the Carver (Minotaur Berserker)        Turns: 4820, Time: 00:29:13

Health: 0/71       AC: 17    Str: 31    XL:     9   Next: 15%
Magic:  8/8        EV: 10    Int:  4    God:    Trog [***...]
Gold:   241        SH:  0    Dex:  9    Spells: 8/8 levels left

rFire   . . .      SeeInvis .   a - +1 falchion
rCold   . . .      Faith    .   (no shield)
rNeg    . . .      Spirit   .   d - +1 chain mail
rPois   .          Reflect  .   (helmet restricted)
rElec   .          Harm     .   s - scarf {repulsion}
rCorr   +          Rampage  .   (no gloves)
Will    +....                   f - +0 pair of boots
Stlth   ..........              (no amulet)
HPRegen 0.21/turn               k - +4 ring of protection
MPRegen 0.11/turn               g - ring "Jebiqur" {Will+ rCorr Str+4 Stlth+}

@: on berserk cooldown, slowed, repel missiles, very slow
A: horns 2, retaliatory headbutt, frail 1, MP-powered wands
a: Renounce Religion, Berserk, Trog's Hand


You were in a bailey.
You worshipped Trog.
Trog was most pleased with you.
You visited 1 branch of the dungeon, and saw 7 of its levels.
You also visited: Bailey.

You collected 241 gold pieces.

Inventory:

Hand Weapons
 a - a +1 falchion (weapon)
Armour
 d - a +1 chain mail (worn)
 f - a +0 pair of boots (worn)
 s - a scarf of repulsion (worn)
Jewellery
 b - a +6 ring of dexterity
 g - the ring "Jebiqur" (right hand) {Will+ rCorr Str+4 Stlth+}
   (You found it on level 3 of the Dungeon)

   [ring of resist corrosion]

   Str:       It affects your strength (+4).
   rCorr:     It protects you from acid and corrosion.
   Will:      It increases your willpower.
   Stlth:     It makes you more stealthy.
 k - a +4 ring of protection (left hand)
 q - an amulet of magic regeneration
Wands
 h - a wand of acid (9)
 o - a wand of iceblast (10)
 p - a wand of paralysis (14)
Scrolls
 j - 2 scrolls of teleportation
 l - 2 scrolls of fear (quivered)
 m - 3 scrolls of identify
 n - a scroll of vulnerability {unknown}
 r - a scroll of enchant armour
Potions
 c - 2 potions of berserk rage
 e - 2 potions of curing
 i - 2 potions of brilliance


   Skills:
 + Level 7.5 Fighting
 + Level 10.0 Long Blades
 + Level 8.5 Armour
 + Level 4.0 Dodging
 + Level 0.9 Stealth


You had 8 spell levels left.
You didn't know any spells.
Your spell library was empty.

Dungeon Overview and Level Annotations

Branches:
Dungeon (7/15)             Bailey (1/1)
 Temple: D:4-7

Altars:
Elyvilon

Annotations:
D:6 Sigmund


Innate Abilities, Weirdness & Mutations

You have a pair of horns on your head.
You reflexively headbutt those who attack you in melee.
You are frail. (-10% HP)
You expend magic power (3 MP) to strengthen your wands.


Message History

You hear some strange, mumbled words.
Something tries to affect you, but you resist.
The vampire hits you with a +2 vampiric halberd.
The vampire bites you.
The vampire draws strength from your injuries!
A red film seems to cover your vision as you go berserk!
You feel yourself moving faster!
You feel mighty! The vampire barely misses you. Something hits you.
The vampire misses you.
The vampire bites you but does no damage.
You closely miss the vampire. You headbutt the vampire.
The vampire is moderately damaged.
The vampire hits you from afar with a +0 vampiric glaive!
* * * LOW HITPOINT WARNING * * *
Your ogre hits the vampire with a +0 giant spiked club!
Something hits you.
* * * LOW HITPOINT WARNING * * *
You slash the vampire! Your headbutt misses the vampire.
The vampire is severely damaged.
The vampire mumbles some strange words.
The vampire flickers and vanishes!
Found a potion of heal wounds.
Your ogre hits the vampire with a +0 giant spiked club!!
The vampire is destroyed!
Trog accepts your kill.
Trog appreciates your killing of a magic user.
Something hits you!
* * * LOW HITPOINT WARNING * * *
Your Long Blades skill increases to level 10!
Your Dodging skill increases to level 4!
There is a large open door, spattered with blood here.
You are too berserk!
You feel a strong urge to attack something.
Something hits you.
* * * LOW HITPOINT WARNING * * *
There is a large open door here.
You feel your anger nearly subside.
You are no longer berserk.
You are exhausted.
You feel yourself slow down. Something hits you!
You die...

#8. ..# #.. ..#
#############..# #..#
#:.#.......8#..)##...#
#..#8..)....##......#
#).#######...##....#
#..#8....##...##''###
####'#......#....O....#
#....#.....)....@....8#
#....#...#.)..#########
#....'...##..##.....8#
#....'....####.......#
#....####...#....♣...#
#....#).#...).......#####
#'##'#.)#...♣.......#.÷[#
...#....#).)♣...♣...#.÷.#
8..#....#....♣..♣...#.÷÷#


You could see a friendly ogre (summoned, berserk).

Vanquished Creatures
  A gargoyle (Bailey)
  A steam dragon (D:7)
  A water moccasin (D:5)
  2 sky beasts (D:5)
  An ice beast (D:6)
  A necrophage (D:4)
  A phantom (D:5)
  A kobold brigand (D:7)
  A bullfrog (D:4)
  A scorpion (D:5)
  6 vampire bats (Bailey)
  5 wolf zombies (Bailey)
  A bullfrog zombie (D:5)
  A jelly (D:6)
  A hound (D:7)
  An iguana (D:5)
  Terence (D:3)
  A scorpion zombie (D:5)
  3 orc wizards (D:4)
  A killer bee zombie (D:7)
  A hound skeleton (D:4)
  9 adders
  A howler monkey skeleton (D:7)
  A shadow imp (D:5)
  2 ufetubi
  2 worms
  4 dart slugs
  10 orcs
  4 endoplasms
  A giant cockroach (D:4)
  9 goblins
  9 hobgoblins
  9 jackals
  8 kobolds
  A quokka (D:2)
  5 ball pythons
  4 bats
  2 frilled lizards
  20 orc zombies (Bailey)
  5 rats
139 creatures vanquished.

Vanquished Creatures (collateral kills)
  A vampire (Bailey)
1 creature vanquished.

Grand Total: 140 creatures vanquished

Notes
Turn   | Place    | Note
-------+----------+-------------------------------------------
     0 | D:1      | Infernotoast the Minotaur Berserker began the quest for the
                  | Orb.
     0 | D:1      | Reached XP level 1. HP: 19/19 MP: 0/0
   170 | D:1      | Reached XP level 2. HP: 23/27 MP: 1/1
   267 | D:1      | Reached skill level 4 in Long Blades
   450 | D:1      | Found a faded altar of an unknown god.
   663 | D:2      | Reached XP level 3. HP: 32/34 MP: 2/2
   692 | D:2      | Reached ** piety under Trog
  1007 | D:2      | Reached XP level 4. HP: 41/41 MP: 3/3
  1335 | D:3      | Identified the ring "Jebiqur" {Will+ rCorr Str+4 Stlth+}
  1347 | D:3      | Reached skill level 5 in Long Blades
  1361 | D:3      | Noticed Terence
  1370 | D:3      | Killed Terence
  1469 | D:3      | Reached XP level 5. HP: 46/47 MP: 4/4
  1811 | D:4      | Reached skill level 5 in Fighting
  1875 | D:4      | Reached skill level 6 in Long Blades
  1877 | D:4      | Reached *** piety under Trog
  1900 | D:4      | Reached XP level 6. HP: 56/56 MP: 5/5
  2048 | D:4      | Gained mutation: You are agile. (Dex +2) [potion of
                  | mutation]
  2049 | D:4      | Lost mutation: You are agile. (Dex +2) [potion of mutation]
  2049 | D:4      | Gained mutation: You are frail. (-10% HP) [potion of
                  | mutation]
  2049 | D:4      | Gained mutation: You expend magic power (3 MP) to
                  | strengthen your wands. [potion of mutation]
  2176 | D:4      | Reached skill level 5 in Armour
  2197 | D:5      | Entered Level 5 of the Dungeon
  2386 | D:5      | Noticed a water moccasin
  2387 | D:5      | Noticed a sky beast
  2390 | D:5      | Killed a water moccasin
  2391 | D:5      | Reached skill level 7 in Long Blades
  2391 | D:5      | Reached XP level 7. HP: 54/54 MP: 6/6
  2571 | D:5      | Reached skill level 8 in Long Blades
  3181 | D:6      | Reached XP level 8. HP: 50/63 MP: 7/7
  3181 | D:6      | Found a white marble altar of Elyvilon.
  3309 | D:6      | Noticed Sigmund
  3332 | D:7      | Reached skill level 9 in Long Blades
  3606 | D:7      | Found a flagged portal.
  3672 | Bailey   | Entered a bailey
  4480 | Bailey   | Noticed a gargoyle
  4491 | Bailey   | Killed a gargoyle
  4492 | Bailey   | Reached XP level 9. HP: 68/71 MP: 8/8
  4676 | Bailey   | Reached **** piety under Trog
  4817 | Bailey   | Reached skill level 10 in Long Blades
  4820 | Bailey   | Slain by a vampire

Illustrated notes

Levels and vault maps discovered:
D:1:      dpeg_arrival_yet_another_circle, layout_basic,
          nicolae_ecumenical_lake_church
D:2:      layout_basic
D:3:      layout_rooms, minmay_vboxes, uniq_terence
D:4:      layout_rooms
D:5:      nicolae_cairo_tiling, layout_gridville, chequers_decorated_corner,
          st_stairs_4
D:6:      layout_layer_cave, elyvilon_altar_3, uniq_sigmund, uniq_eustachio
D:7:      layout_rooms, minmay_temple_entry_mini_moons, enter_bailey_4,
          minmay_tree_intersection, nrook_uturn
Bailey:   bailey_polearm_vampire_castle_hellmonk, bailey

Skill      XL: |  1  2  3  4  5  6  7  8  9 |
---------------+----------------------------+-----
Fighting       | 4 5 6 7 |  7.5
Long Blades    | 4 5 6 7 8 9 10 | 10.0
Armour         | 3 4 5 6 8 |  8.5
Dodging        | 3 4 |  4.0
Stealth        | |  0.9

Action                   |  1- 3 |  4- 6 |  7- 9 || total
-------------------------+-------+-------+-------++-------
Melee: Falchion          |    65 |   121 |   200 ||   386
       Headbutt          |     9 |    21 |    50 ||    80
       Punch             |     1 |     1 |     2 ||     4
Invok: Berserk           |     1 |     3 |     5 ||     9
       Brothers in Arms  |       |       |     1 ||     1
  Use: Potion            |     3 |     4 |     1 ||     8
       Scroll            |     1 |     6 |       ||     7
Armor: Chain mail        |    24 |    66 |   144 ||   234
       Animal skin       |     1 |       |       ||     1
Dodge: Dodged            |    28 |    51 |   124 ||   203
       Repelled          |       |       |     1 ||     1
